 Dungeon Crawl Stone Soup version 0.30-b1-2-g02819fbbbe (webtiles) character file.

Game seed: 8362043816400008714

131 Mesmaeker13 the Digger (level 4, -14/33 HPs)
             Began as a Demigod Earth Elementalist on June 22, 2023.
             Demolished by Crazy Yiuf
             ... wielding a +4 quarterstaff of chaos
              (19 damage)
             ... on level 3 of the Dungeon.
             The game lasted 00:02:34 (2158 turns).

Mesmaeker13 the Digger (Demigod Earth Elementalist) Turns: 2158, Time: 00:02:35

Health: -14/33     AC:  2    Str:  9    XL:     4   Next: 61%
Magic:  9/11       EV: 13    Int: 21    God:
Gold:   178        SH:  0    Dex: 14    Spells: 4/8 levels left

rFire   . . .        h - +0 short sword
rCold   . . .        (no shield)
rNeg    . . .        a - +0 robe
rPois   .            (no helmet)
rElec   .            (no cloak)
rCorr   .            (no gloves)
SInv    .            (no boots)
Will    .....        (no amulet)
Stlth   ++           (no ring)
HPRegen 0.25/turn    (no ring)
MPRegen 0.12/turn

%: no passive effects
@: no status effects
A: high MP 1, forlorn, divine attributes
a: no special abilities


You were on level 3 of the Dungeon.
You visited 1 branch of the dungeon, and saw 3 of its levels.

You collected 178 gold pieces.

Inventory:

Hand Weapons
 h - a +0 short sword (weapon)
Armour
 a - a +0 robe (worn)
Jewellery
 g - a ring of ice
Scrolls
 d - a scroll of fear
 f - a scroll of immolation {unknown}
 k - 2 scrolls of blinking
 l - 2 scrolls of teleportation
 m - a scroll of fog {unknown}
Potions
 b - a potion of magic
 e - 2 potions of lignification {unknown}
 i - a potion of attraction
 n - a potion of flight {unknown}
 o - 2 potions of invisibility {unknown}


   Skills:
 + Level 0.0 Armour
 - Level 3.0 Dodging
 - Level 1.7 Stealth
 + Level 2.8 Spellcasting
 + Level 0.2 Conjurations
 - Level 0.8 Transmutations
 + Level 3.6 Earth Magic


You had 4 spell levels left.
You knew the following spells:

 Your Spells              Type           Power      Damage    Failure   Level
a - Sandblast             Erth           36%        2d10      3%          1
b - Stone Arrow           Conj/Erth      22%        3d8       19%         3

Your spell library contained the following spells:

 Spells                   Type           Power      Damage    Failure   Level
 Passwall                 Tmut/Erth      10%        N/A       9%          2
 Petrify                  Tmut/Erth      12%        N/A       47%         4


Dungeon Overview and Level Annotations

Branches:
Dungeon (3/15)

Shops:
D:1 (

Annotations:
D:3 Crazy Yiuf


Innate Abilities, Weirdness & Mutations

You have an increased reservoir of magic. (+10% MP)
You shall have no god before yourself.
Your divine heritage dramatically boosts your attributes as you level up.


Message History

Press: ? - help, Shift-Dir - straight line, f - goblin
Aim: a goblin, wielding a +0 club (asleep, 100% to hit)
The blast of sand hits the goblin!
You kill the goblin!
Things that are here:
a +0 club; a +0 sling; a goblin corpse
Found three hammers.
You see here a +0 hammer.
Found six hammers.
Found a runed translucent door.
You see here a +0 hammer.
Found a hammer.
Crazy Yiuf shouts!
You see here a +0 hammer.
You see here a +0 hammer.
Found two hammers.
You see here a +0 hammer.
As you open the door, it creaks loudly!
Casting: Sandblast (safe; 3% risk of failure)
Confirm with . or Enter, or press ? or * to list all spells.
Aiming: Sandblast (safe; 3% risk of failure)
Press: ? - help, Shift-Dir - straight line, f - Crazy Yiuf
Aim: Crazy Yiuf, wielding a +4 quarterstaff of chaos and wearing a +0 cloak (84% to hit)
The blast of sand misses Crazy Yiuf.
Crazy Yiuf hits you with a +4 quarterstaff of chaos!
You are poisoned.
You feel better.
Crazy Yiuf hits you with a +4 quarterstaff of chaos.
Casting: Sandblast (safe; 3% risk of failure)
Confirm with . or Enter, or press ? or * to list all spells.
Aiming: Sandblast (safe; 3% risk of failure)
Press: ? - help, Shift-Dir - straight line, f/p - Crazy Yiuf
Aim: Crazy Yiuf, wielding a +4 quarterstaff of chaos and wearing a +0 cloak (84% to hit)
The blast of sand misses Crazy Yiuf.
Crazy Yiuf hits you with a +4 quarterstaff of chaos!
* * * LOW HITPOINT WARNING * * *
Crazy Yiuf freezes you.
* * * LOW HITPOINT WARNING * * *
Crazy Yiuf hits you with a +4 quarterstaff of chaos!!
Ouch! That really hurt!
You die...

##### #).)# #)))#
))) #g# #@## ##)#
#)## ##)# #######
##)## ......######
##..)# ####...#...#
#....# .......)...#
#....#
####...##..####....#


You could see Crazy Yiuf.

Vanquished Creatures
  Jessica (D:2)
  5 adders (D:2)
  A worm (D:2)
  3 dart slugs
  3 endoplasms
  3 giant cockroaches
  5 goblins
  5 hobgoblins
  6 jackals (D:2)
  3 ball pythons (D:1)
  4 bats
  4 frilled lizards
  6 kobolds
  4 rats
53 creatures vanquished.

Notes
Turn   | Place    | Note
-------+----------+-------------------------------------------
     0 | D:1      | Mesmaeker13 the Demigod Earth Elementalist began the quest
                  | for the Orb.
     0 | D:1      | Reached XP level 1. HP: 14/14 MP: 5/5
   166 | D:1      | Found Ceson's Antique Weapon Shoppe.
   382 | D:1      | Reached XP level 2. HP: 20/20 MP: 4/7
   960 | D:2      | Reached XP level 3. HP: 26/26 MP: 7/9
  1352 | D:2      | Reached XP level 4. HP: 33/33 MP: 6/10
  1459 | D:2      | Noticed Jessica
  1468 | D:2      | Killed Jessica
  1790 | D:2      | Learned a level 3 spell: Stone Arrow
  1908 | D:3      | Noticed a spectral ugly thing
  2151 | D:3      | Found a runed translucent door.
  2152 | D:3      | Noticed Crazy Yiuf
  2158 | D:3      | Demolished by Crazy Yiuf

Illustrated notes

Levels and vault maps discovered:
D:1:      denvon_arrival_waterhouse, layout_rooms, serial_shops, shop,
          roderic_lattice_a
D:2:      minmay_recursive_quarters, layout_basic, serial_bayou_pond_e,
          uniq_jessica
D:3:      layout_loops_ring, nicolae_overflow_hidden_temple,
          regret_index_temple_of_mockery,
          hellmonk_ecumenical_altar_inner_sanctum, uniq_crazy_yiuf_cottage

Skill      XL: |  1  2  3  4 |
---------------+-------------+-----
Dodging        | 2 3 |  3.0
Spellcasting   | 2 |  2.8
Earth Magic    | 3 |  3.6
Stealth        | |  1.7
Conjurations   | |  0.2
Transmutations | |  0.8

Action                     |  1- 3 |  4- 6 || total
---------------------------+-------+-------++-------
   Cast: Sandblast         |    51 |    24 ||    75
    Use: Scroll            |       |     4 ||     4
         Potion            |       |     1 ||     1
 Armour: Robe              |     4 |       ||     4
  Dodge: Dodged            |    20 |     3 ||    23
